 Dungeon Crawl Stone Soup version 0.20.1-1-g8b1a95d (webtiles) character file.

10 tidbits the Insei (level 2, 0/22 HPs)
             Began as a Demigod Transmuter on Aug 11, 2017.
             Slain by an adder (2 damage)
             ... on level 2 of the Dungeon.
             The game lasted 00:02:04 (217 turns).

tidbits the Insei (Demigod Transmuter)               Turns: 217, Time: 00:02:05

Health: 0/22       AC:  3    Str: 13    XL:     2   Next: 0%
Magic:  5/7        EV: 12    Int: 17    God:
Gold:   14         SH:  0    Dex: 16    Spells: 3/4 levels left

rFire    . . .     SeeInvis .     - Unarmed
rCold    . . .     Gourm    .   (no shield)
rNeg     . . .     Faith    .   b - +0 robe
rPois    .         Spirit   .   E - +0 helmet
rElec    .         Reflect  .   (no cloak)
rCorr    .         Harm     .   (no gloves)
MR       .....                  (boots currently unavailable)
Stlth    ++........             (no amulet)
Regen    0.1/turn               (no ring)
MPRegen  0.1/turn               (no ring)

@: lethally poisoned (0 -> -7), appendage (expiring), very slightly contaminated
A: talons 3, high mp 1
a: End Transformation


You were on level 2 of the Dungeon.
You were not hungry.
You had grown temporary talons.
You visited 1 branch of the dungeon, and saw 2 of its levels.

You collected 14 gold pieces.

Inventory:

Hand Weapons
 i - a +0 dagger
 j - a +0 hunting sling
Missiles
 a - 12 arrows
 h - 26 stones (quivered)
Armour
 b - a +0 robe (worn)
 E - a +0 helmet (worn)
Potions
 f - a potion of cancellation
Books
 c - a book of Changes

   Spells                             Type                      Level
   a - Beastly Appendage              Transmutation                1
   b - Sticks to Snakes               Transmutation                2
   c - Spider Form                    Transmutation/Poison         3
   d - Ice Form                       Ice/Transmutation            4
   e - Blade Hands                    Transmutation                5
Comestibles
 d - a bread ration


   Skills:
 - Level 0.8 Fighting
 - Level 1.7 Dodging
 + Level 1.1 Stealth
 + Level 3.0 Unarmed Combat
 - Level 1.7 Spellcasting
 - Level 1.7 Transmutations


You had 3 spell levels left.
You knew the following spells:

 Your Spells              Type           Power        Failure   Level  Hunger
e - Beastly Appendage     Tmut           #.....       10%         1    #......


Dungeon Overview and Level Annotations

Branches:
Dungeon (2/15)


Innate Abilities, Weirdness & Mutations

You have an increased reservoir of magic. (+10% MP)
You have claws for feet.


Message History

You miscast Beastly Appendage.
Nothing appears to happen.
Casting: Beastly Appendage
Confirm with . or Enter, or press ? or * to list all spells.
You extend your transformation's duration.
Found a hunting sling.
Your transformation is almost over.
You see here a hunting sling.
j - a hunting sling
Found a helmet.
Your talons disappear.
You see here a helmet.
k - a helmet Wear which item? (? for menu, Esc to quit)
You start putting on your armour.
You continue putting on your helmet. x4
You finish putting on your +0 helmet.
Adjust (i)tems, (s)pells, or (a)bilities?
Adjust which item? (? for menu, Esc to quit)
k - a +0 helmet (worn)
Adjust to which letter? (? for menu, Esc to quit)
E - a +0 helmet (worn)
The kobold shouts!
The kobold throws a stone.
The stone closely misses you.
Found 23 arrows.
You hit the kobold but do no damage. The kobold closely misses you.
A rat comes into view.
Casting: Beastly Appendage
Confirm with . or Enter, or press ? or * to list all spells.
Your feet morph into talons.
The kobold barely misses you.
You closely miss the kobold. The kobold barely misses you.
You hit the kobold but do no damage. You claw the kobold, but do no damage.
You hit the kobold but do no damage. Your kick misses the kobold.
The kobold closely misses you.
You hit the kobold but do no damage. The kobold hits you with a whip.
* * * LOW HITPOINT WARNING * * *
You hit the kobold but do no damage. You claw the kobold.
The kobold is severely wounded.
The kobold closely misses you.
Found a scroll labeled BIAREFAGIL and a runed naga barding.
An adder comes into view.
Your transformation is almost over.
Found a cyan potion.
The adder hisses angrily.
Your magical contamination has completely faded away.
You barely miss the adder. Your kick misses the adder.
The kobold hits you but does no damage. The adder barely misses you.
Unknown command.
As you read the scroll labeled FYMOCV HAPHY, it crumbles to dust.
The scroll dissolves into smoke.
It was a scroll of fog.
The adder bites you.
* * * LOW HITPOINT WARNING * * *
You are poisoned.
The adder poisons you! The kobold hits you with a whip.
* * * LOW HITPOINT WARNING * * *
Unknown command.
It was a potion of cancellation.
Your magical effects are unravelling.
You feel magically purged.
Your talons disappear.
* * * LOW HITPOINT WARNING * * *
You feel sick. The adder bites you.
* * * LOW HITPOINT WARNING * * *
The kobold hits you with a whip.
* * * LOW HITPOINT WARNING * * *
It was a potion of curing.
You feel better. The adder bites you.
* * * LOW HITPOINT WARNING * * *
The kobold misses you. The adder closely misses you.
The adder bites you but does no damage. The adder completely misses you.
Casting: Beastly Appendage
Confirm with . or Enter, or press ? or * to list all spells.
You miscast Beastly Appendage.
You are very lightly contaminated with residual magic.
Nothing appears to happen.
The adder closely misses you.
Casting: Beastly Appendage
Confirm with . or Enter, or press ? or * to list all spells.
You miscast Beastly Appendage.
You feel a strange surge of energy! The adder closely misses you.
Casting: Beastly Appendage
Confirm with . or Enter, or press ? or * to list all spells.
Your feet morph into talons.
The adder bites you but does no damage. The adder barely misses you.
You miss the adder. The adder barely misses you. The adder bites you.
* * * LOW HITPOINT WARNING * * *
You are poisoned.
The adder poisons you!
Unknown command.
You closely miss the adder.
You feel sick. The adder closely misses you.
You barely miss the adder. The adder bites you.
* * * LOW HITPOINT WARNING * * *
You are more poisoned.
The adder poisons you!
You closely miss the adder.
* * * LOW HITPOINT WARNING * * *
You feel sick. The adder closely misses you.
You hit the adder. Your kick misses the adder.
The adder is moderately wounded.
Your transformation is almost over.
The adder bites you.
You die...

#b # ... . ... ##. ### #.#
##!###.. .. .#[.#..# ..###
###?##...# .... #.#@#....#
...##.S####..#
#....K.K.#..########### #.
#..##§##§§.............
....##...§§§§§§...##########
(.........§####<.##
###.###...#......#
#........(.##.##
..............##.#


You could see an adder and a kobold.

Vanquished Creatures
  An ooze (D:1)
  A bat (D:2)
  A goblin (D:2)
  A hobgoblin (D:2)
  A kobold (D:2)
5 creatures vanquished.

Notes
Turn   | Place    | Note
-------+----------+-------------------------------------------
     0 | D:1      | tidbits the Demigod Transmuter began the quest for the Orb.
     0 | D:1      | Reached XP level 1. HP: 15/15 MP: 5/5
    92 | D:2      | Reached skill level 1 in Stealth
    92 | D:2      | Reached skill level 3 in Unarmed Combat
   151 | D:2      | Reached XP level 2. HP: 8/22 MP: 5/7
   203 | D:2      | HP: 2/22 [adder (1)]
   216 | D:2      | HP: 2/22 [poisoned by an adder]
   217 | D:2      | Slain by an adder

Skill      XL: |  1 |
---------------+----+-----
Stealth        | 1 |  1.1
Unarmed Combat | 3 |  3.0
Fighting       | |  0.8
Dodging        | |  1.7
Spellcasting   | |  1.7
Transmutations | |  1.7

Action                   || total
-------------------------++-------
Melee: Unarmed           ||    30
       Kick              ||     5
 Cast: Beastly Appendage ||     7
  Use: Potion            ||     2
       Scroll            ||     1
Armor: Robe              ||     4
Dodge: Dodged            ||    24

Table legend:
 A = Turns spent in this place as a percentage of turns spent in the entire game.
 B = Non-inter-level travel turns spent in this place as a percentage of non-inter-level travel turns spent in the entire game.
 C = Inter-level travel turns spent in this place as a percentage of turns spent in this place.
 D = Turns resting spent in this place as a percentage of non-inter-level travel turns spent in this place.
 E = Turns spent auto-exploring this place as a percentage of non-inter-level travel turns spent in this place.
 F = Non-inter-level travel turns spent in this place divided by the number of levels of this place that you've seen.
                   A       B       C       D       E      F
               +-------+-------+-------+-------+-------+----------------------
         Total | 100.0 | 100.0 |   0.0 |   0.0 |   0.0 | 101.5
       Dungeon | 100.0 | 100.0 |   0.0 |   0.0 |   0.0 | 101.5
               +-------+-------+-------+-------+-------+----------------------

Table legend:
 A = Kills in this place as a percentage of kills in entire the game.
 B = Kills by you in this place as a percentage of kills by you in the entire game.
 C = Kills by friends in this place as a percentage of kills by friends in the entire game.
 D = Other kills in this place as a percentage of other kills in the entire game.
 E = Experience gained in this place as a percentage of experience gained in the entire game.
 F = Experience gained in this place divided by the number of levels of this place that you have seen.
                   A       B       C       D       E      F
               +-------+-------+-------+-------+-------+----------------------
         Total | 100.0 | 100.0 |  -nan |  -nan | 100.0 |   7.5
       Dungeon | 100.0 | 100.0 |  -nan |  -nan | 100.0 |   7.5
               +-------+-------+-------+-------+-------+----------------------

Vault maps used:
D:1:      saegor_arrival_miasma, minmay_lizard_pond
D:2:      serial_bayou_pond_b, minmay_octomino_j4
